 Dungeon Crawl Stone Soup version 0.27.0-1-g7a089689b8 (webtiles) character file.

Game seed: 15335668665637945866

0 rvierbuc the Skirmisher (level 1, -9/18 HPs)
             Began as a Demonspawn Abyssal Knight on Aug 4, 2021.
             Was a Follower of Lugonu.
             Mangled by a spatial maelstrom (12 damage)
             ... on level 1 of the Abyss.
             The game lasted 00:00:50 (63 turns).

rvierbuc the Skirmisher (Demonspawn Abyssal Knight)   Turns: 63, Time: 00:00:50

Health: -9/18      AC:  5    Str: 12    XL:     1   Next: 0%
Magic:  2/2        EV: 10    Int: 13    God:    Lugonu [*.....]
Gold:   0          SH:  0    Dex: 12    Spells: 0/0 levels left

rFire    . . .     SeeInvis .   a - +1 spear
rCold    . . .     Faith    .   (no shield)
rNeg     . . .     Spirit   .   c - +0 ring mail
rPois    .         Reflect  .   (no helmet)
rElec    .         Harm     .   (no cloak)
rCorr    .         Rampage  .   (no gloves)
Will     .....                  (no boots)
Stlth    +.........             (no amulet)
HPRegen  0.06/turn              (no ring)
MPRegen  0.08/turn              (no ring)

@: no status effects
A: no striking features
a: Renounce Religion, Depart the Abyss


You were on level 1 of the Abyss.
You worshipped Lugonu.
Lugonu was aware of your devotion.
You visited 0 branches of the dungeon, and saw 0 of its levels.
You visited the Abyss 1 time.

Inventory:

Hand Weapons
 a - a +1 spear (weapon)
Armour
 b - a +0 leather armour
 c - a +0 ring mail (worn)


   Skills:
 + Level 3.0 Fighting
 + Level 1.7 Polearms
 + Level 1.7 Armour
 + Level 0.8 Dodging
 + Level 2.4 Invocations


You couldn't memorise any spells.
You didn't know any spells.
Your spell library was empty.

Dungeon Overview and Level Annotations

Branches:
Dungeon (0/15)

Altars:


Message History

Welcome, rvierbuc the Demonspawn Abyssal Knight.
Will you prevail where others failed? Will you find the Orb of Zot?
Lugonu says: Depart the Abyss and spread corruption, my servant! (use the ability menu to exit the Abyss) Press ? for a list of commands and other information.
Found a corrupted altar of Lugonu.
Found a ring mail.
Found a basalt altar of Yredelemnul.
You see here a +0 ring mail.
c - a +0 ring mail You start removing your armour.
You continue taking off your +0 leather armour. x4
You finish taking off your +0 leather armour.
You start putting on your armour.
You continue putting on your +0 ring mail. x5
You finish putting on your +0 ring mail.
Found a gateway leading deeper into the Abyss.
Okay, then.
Found a leather armour.
You see here a +0 leather armour.
Found a gateway leading deeper into the Abyss.
A tentacled starspawn comes into view.
The tentacled starspawn bites you but does no damage.
The tentacled starspawn tentacle-slaps you!
Ouch! That really hurt!
* * * LOW HITPOINT WARNING * * *
Found a gateway leading deeper into the Abyss.
Tentacles burst from the starspawn's body! 2 starspawn tentacles come into view.
Found a club.
A spatial maelstrom comes into view.
A spatial vortex comes into view.
A spatial vortex comes into view.
The spatial maelstrom barely misses you.
The spatial maelstrom hits you!
Ouch! That really hurt!
You die...

#.. #. ..#. ## .##
...####.#..# #
#..#.#..#v# ..
#.....#...# .). .##
#...#...###...##..#
#..v.##...# #....#.
#..@#.v..###.#.#..#
#..#.#.##.#.........
#.#.####.##..........
.. .. #........##....
#.# ..#......##.#.# .
. # ##....######.###
. . ..#.. #....#....
#.## .#.....# #
###.... ...


You could see a spatial maelstrom and a spatial vortex.

Vanquished Creatures (others)
  2 starspawn tentacles (Abyss:1)
2 creatures vanquished.

Notes
Turn   | Place    | Note
-------+----------+-------------------------------------------
     0 | Abyss:1  | rvierbuc the Demonspawn Abyssal Knight began the quest for
                  | the Orb.
     0 | Abyss:1  | Reached XP level 1. HP: 18/18 MP: 2/2
     3 | Abyss:1  | Found a basalt altar of Yredelemnul.
    52 | Abyss:1  | Noticed a tentacled starspawn
    61 | Abyss:1  | Noticed a spatial maelstrom
    63 | Abyss:1  | Noticed a spatial vortex
    63 | Abyss:1  | Noticed a spatial vortex
    63 | Abyss:1  | Mangled by a spatial maelstrom

Illustrated notes

Levels and vault maps discovered:
Abyss:1:  base: Temple, base:
Temple

Action                   || total
-------------------------++-------
Armor: Ring mail         ||     1
Dodge: Dodged            ||     1
